 Dungeon Crawl Stone Soup version 0.24.0-37-gcf1ca852f1 (webtiles) character file.

Game seed: 7770484828062661459, levelgen mode: deterministic

63 Mrkan the Skirmisher (level 3, -1/33 HPs)
             Began as a Draconian Fighter on Nov 25, 2019.
             Slain by a goblin
             ... wielding a +2 dagger of electrocution
             ... led by Robin
              (3 damage)
             ... on level 2 of the Dungeon.
             The game lasted 00:02:30 (1604 turns).

Mrkan the Skirmisher (Draconian Fighter)            Turns: 1604, Time: 00:02:30

Health: -1/33      AC:  5    Str: 18    XL:     3   Next: 89%
Magic:  3/3        EV: 10    Int: 10    God:
Gold:   78         SH:  9    Dex: 11    Spells: 2/2 levels left

rFire    . . .     SeeInvis .   a - +0 flail
rCold    . . .     Gourm    .   b - +0 shield
rNeg     . . .     Faith    .   (armour unavailable)
rPois    .         Spirit   .   (helmet restricted)
rElec    .         Reflect  .   (no cloak)
rCorr    .         Harm     .   (no gloves)
MR       .....                  (no boots)
Stlth    +.........             (no amulet)
HPRegen  0.11/turn              m - +2 ring of intelligence
MPRegen  0.08/turn              (no ring)

@: no status effects
A: unfitting armour, cold-blooded, AC +5
a: no special abilities


You were on level 2 of the Dungeon.
You were not hungry.

You visited 1 branch of the dungeon, and saw 2 of its levels.

You collected 78 gold pieces.

Inventory:

Hand Weapons
 a - a +0 flail (weapon)
Armour
 b - a +0 shield (worn)
Magical Staves
 o - an uncursed staff of air
Jewellery
 f - an uncursed ring of magical power {unknown}
 m - a +2 ring of intelligence (left hand)
Scrolls
 e - 2 scrolls of identify {unknown}
 g - 2 scrolls of magic mapping {unknown}
 h - a scroll of remove curse {unknown}
 i - 2 scrolls of fog {unknown}
 j - a scroll of random uselessness {unknown}
Potions
 c - a potion of might
 k - a potion of haste {unknown}
 l - a potion of curing {unknown}
Comestibles
 d - 2 rations
 n - a chunk of flesh


   Skills:
 + Level 3.7 Fighting
 * Level 3.0 Maces & Flails
 + Level 3.1 Dodging
 + Level 3.4 Shields


You had 2 spell levels left.
You didn't know any spells.
Your spell library was empty.

Dungeon Overview and Level Annotations

Branches:
Dungeon (2/15)

Altars:

Annotations:
D:2 Robin


Innate Abilities, Weirdness & Mutations

Your plain brown scales are hard. (AC +5)
You cannot fit into any form of body armour.
You are cold-blooded and may be slowed by cold attacks.


Message History

You closely miss the goblin.
The goblin shouts!
The goblin hits you. The goblin hits you but does no damage.
The goblin barely misses you.
You barely miss the goblin.
The goblin hits you with a +2 dagger of electrocution.
The goblin barely misses you.
You barely miss the goblin. The goblin closely misses you. The goblin hits you.
The goblin hits you with a +2 dagger of electrocution!
You closely miss the goblin. You tail-slap the goblin.
The goblin is severely wounded.
You block the goblin's attack. x3
You hit the goblin.
You kill the goblin!
The goblin hits you but does no damage.
You are electrocuted!
* * * LOW HITPOINT WARNING * * *
You hit the giant cockroach.
The giant cockroach is heavily wounded.
The goblin hits you with a +2 dagger of electrocution.
You die...

#.......)..##.........
#......<..............
#.......)..#....#..###
#..........##...#..... #
###########...........
... .............. ...g#
##..###.......
...g.g#####..####.#.....
#gs@g...# #...#.....
#####..####.#.......
#...##..##......
......#....###......
.....####.........##
......#....(..##.....
......#.......# #)###
......#.......# .# .....
#.......#


You could see Robin, a giant cockroach, a hobgoblin and 3 goblins.

Vanquished Creatures
  2 adders (D:2)
  A dart slug (D:1)
  7 bats
  3 giant cockroaches
  11 goblins
  3 hobgoblins
  3 jackals (D:1)
  4 kobolds
  2 quokkas (D:2)
  A ball python (D:2)
  3 rats
40 creatures vanquished.

Notes
Turn   | Place    | Note
-------+----------+-------------------------------------------
     0 | D:1      | Mrkan the Draconian Fighter began the quest for the Orb.
     0 | D:1      | Reached XP level 1. HP: 19/19 MP: 1/1
   312 | D:1      | Reached XP level 2. HP: 12/26 MP: 2/2
  1143 | D:2      | Reached XP level 3. HP: 14/31 MP: 3/3
  1596 | D:2      | Noticed Robin
  1603 | D:2      | HP: 1/33 [goblin/+2 dagger of electrocution[Robin] (14)]
  1604 | D:2      | Slain by a goblin

Levels and vault maps discovered:
D:1:      psy_arrival_basics, layout_basic, serial_bayou, serial_bayou_ford_a,
          serial_bayou_pond_c, serial_bayou_pond_a, serial_bayou_shore_b,
          serial_bayou_crossing
D:2:      layout_rooms, marbit_many_paths, nicolae_gozag_seed_capital,
          nicolae_overflow_hidden_temple, uniq_robin

Skill      XL: |  1  2  3 |
---------------+----------+-----
Dodging        | 3 |  3.1
Maces & Flails | 3 |  3.0
Fighting       | |  3.7
Shields        | |  3.4

Action                   || total
-------------------------++-------
Melee: Flail             ||   122
       Tailslap          ||    16
 Stab: Sleeping          ||     1
  Eat: Chunk             ||     2
Armor: Skin              ||    51
Dodge: Dodged            ||    91
Block: Shield            ||    81
